 Dungeon Crawl Stone Soup version 0.30.0-5-g1a98f26d00 (webtiles) character file.

Game seed: 4571535538295939738

20 freelancePsychic the Conjurer (level 2, 19/19 HPs)
             Began as a Demonspawn Conjurer on May 8, 2023.
             Quit the game on level 2 of the Dungeon.
             The game lasted 00:00:51 (1081 turns).

freelancePsychic the Conjurer (Demonspawn Conjurer) Turns: 1081, Time: 00:00:52

Health: 19/19      AC:  5    Str:  7    XL:     2   Next: 58%
Magic:  5/5        EV: 12    Int: 19    God:
Gold:   69         SH:  0    Dex: 11    Spells: 2/5 levels left

rFire   . . .        h - staff of air
rCold   . . .        (no shield)
rNeg    . . .        a - +0 robe
rPois   .            (no helmet)
rElec   +            (no cloak)
rCorr   .            c - +2 pair of gloves
SInv    .            (no boots)
Will    .....        (no amulet)
Stlth   ++           (no ring)
HPRegen 0.23/turn    (no ring)
MPRegen 0.09/turn

%: no passive effects
@: no status effects
A: foul stench 1
a: no special abilities


You were on level 2 of the Dungeon.
You visited 1 branch of the dungeon, and saw 2 of its levels.

You collected 69 gold pieces.

Inventory:

Armour
 a - a +0 robe (worn)
 c - a +2 pair of gloves (worn)
 e - a +0 leather armour
Magical Staves
 h - a staff of air (weapon)
Scrolls
 d - a scroll of brand weapon {unknown}
 g - a scroll of identify {unknown}
Potions
 b - a potion of magic
 f - 2 potions of mutation {unknown}


   Skills:
 - Level 1.7 Dodging
 * Level 2.5 Stealth
 + Level 2.2 Spellcasting
 + Level 4.2 Conjurations


You had 2 spell levels left.
You knew the following spells:

 Your Spells              Type           Power      Damage    Failure   Level
a - Magic Dart            Conj           72%        1d6       3%          1
b - Searing Ray           Conj           36%        2d5       4%          2

Your spell library contained the following spells:

 Spells                   Type           Power      Damage    Failure   Level
 Dazzling Flash           Conj/Hex       20%        N/A       21%         3
 Fulminant Prism          Conj/Hex       5%         3d7       56%         4
 Iskenderun's Mystic Bla  Conj/Tloc      10%        2d4       56%         4


Dungeon Overview and Level Annotations

Branches:
Dungeon (2/15)

Altars:


Innate Abilities, Weirdness & Mutations

You may rarely emit foul miasma when damaged in melee.


Message History

You finish memorising.
Spell assigned to 'b'.
f - 2 fuming ruby potions A ball python comes into view.
A ball python is nearby!
The ball python hisses angrily.
You can't see any susceptible monsters within range! (Use Z to cast anyway.)
You can't see any susceptible monsters within range! (Use Z to cast anyway.)
The magic dart hits the ball python.
You kill the ball python!
You can't see any susceptible monsters within range! (Use Z to cast anyway.)
Found a leather armour.
g - a scroll labelled SEHEMU PUEBASO You now have 69 gold pieces (gained 16).
A hobgoblin comes into view.
You see here a staff of air.
h - a staff of air The hobgoblin shouts!
You hear an angry hiss.
h - a staff of air (weapon)
The magic dart hits the hobgoblin.
The hobgoblin is severely wounded.
The magic dart hits the hobgoblin.
You kill the hobgoblin!
You can't see any susceptible monsters within range! (Use Z to cast anyway.)
A frilled lizard comes into view.
A frilled lizard is nearby!
The magic dart hits the frilled lizard.
You kill the frilled lizard!
You can't see any susceptible monsters within range! (Use Z to cast anyway.)
You see here a frilled lizard corpse.
Found a stone staircase leading down.
There is a stone staircase leading down here.
There is an open door here.
Found a leather armour.
(D) Dungeon
Where to? (Enter - D:1 @ (x,y), ? - help)
There is an open door here.
There is a stone staircase leading down here.
You climb downwards.
There is a stone staircase leading up here.
Are you sure you want to abandon this character and quit the game? (Confirm with "yes".)

....#
##...#
#.....
....#
...## #...
#..# #.@#
#.........
#..###....
...# ##
.....
###..#
..## #.


There were no monsters in sight!

Vanquished Creatures
  A dart slug (D:1)
  A ball python (D:1)
  A bat (D:1)
  4 endoplasms (D:1)
  A goblin (D:1)
  3 hobgoblins (D:1)
  A kobold (D:1)
  A frilled lizard (D:1)
  2 rats (D:1)
15 creatures vanquished.

Notes
Turn   | Place    | Note
-------+----------+-------------------------------------------
     0 | D:1      | freelancePsychic the Demonspawn Conjurer began the quest
                  | for the Orb.
     0 | D:1      | Reached XP level 1. HP: 13/13 MP: 3/3
   216 | D:1      | Gained mutation: You may rarely emit foul miasma when
                  | damaged in melee. [demonic ancestry]
   216 | D:1      | Reached XP level 2. HP: 19/19 MP: 1/5
   586 | D:1      | Learned a level 2 spell: Searing Ray
  1081 | D:2      | Quit the game

Illustrated notes

Levels and vault maps discovered:
D:1:      wheals_arrival_linesprint, layout_loops_ring, st_stairs_8,
          minmay_misc_feat_alley, hangedman_decor_growths
D:2:      layout_basic

Skill      XL: |  1 |
---------------+----+-----
Stealth        | 2 |  2.5
Dodging        | |  1.7
Spellcasting   | |  2.2
Conjurations   | |  4.2

Action                     || total
---------------------------++-------
  Melee: Unarmed           ||    27
   Cast: Magic Dart        ||    25
 Armour: Robe              ||     3
  Dodge: Dodged            ||    14
